 Dungeon Crawl Stone Soup version 0.30-a0-297-g0ec75d9ef4 (webtiles) character file.

Game seed: 12691872935128910844

78 plokij the Covered (level 4, 0/40 HPs)
             Began as a Minotaur Fighter on Oct 19, 2022.
             Was a Follower of the Shining One.
             Slain by Grinder (3 damage)
             ... on level 3 of the Dungeon.
             The game lasted 00:04:07 (1264 turns).

plokij the Covered (Minotaur Fighter)               Turns: 1264, Time: 00:04:08

Health: 0/40       AC: 10    Str: 20    XL:     4   Next: 15%
Magic:  3/3        EV:  7    Int:  5    God:    the Shining One [*.....]
Gold:   138        SH:  5    Dex: 12    Spells: 3/3 levels left

rFire   . . .      SeeInvis .    a - +0 long sword
rCold   . . .      Faith    .    c - +0 buckler
rNeg    . . .      Spirit   .    k - +0 chain mail
rPois   .          Reflect  .    (helmet restricted)
rElec   .          Harm     .    f - +0 cloak
rCorr   .          Rampage  .    (no gloves)
Will    .....                    (no boots)
Stlth   ..........               (no amulet)
HPRegen 0.26/turn                (no ring)
MPRegen 0.08/turn                (no ring)

@: glowing
A: horns 2, retaliatory headbutt
a: Renounce Religion, Divine Shield


You were on level 3 of the Dungeon.
You worshipped the Shining One.
The Shining One was aware of your devotion.
You visited 1 branch of the dungeon, and saw 3 of its levels.

You collected 138 gold pieces.

Inventory:

Hand Weapons
 a - a +0 long sword (weapon)
Armour
 c - a +0 buckler (worn)
 f - a +0 cloak (worn)
 k - a +0 chain mail (worn)
Magical Staves
 i - a staff of death
Scrolls
 e - a scroll of enchant weapon {unknown}
 h - a scroll of teleportation {unknown}
 j - a scroll of noise {unknown}
 l - 2 scrolls of identify {unknown}
 n - a scroll of immolation {unknown}
 p - a scroll of summoning {unknown}
Potions
 b - a potion of attraction {unknown}
 d - 2 potions of might
 g - a potion of lignification {unknown}
 m - 2 potions of mutation {unknown}
 o - a potion of curing {unknown}
 q - a potion of berserk rage {unknown}
 r - a potion of heal wounds {unknown}


   Skills:
 + Level 4.0 Fighting
 * Level 3.8 Long Blades
 + Level 4.1 Armour
 + Level 1.4 Dodging
 + Level 4.0 Shields


You had 3 spell levels left.
You didn't know any spells.
Your spell library contained the following spells:

 Spells                   Type           Power      Damage    Failure   Level
 Kiss of Death            Conj/Necr      0%         2d5       100%        1
 Ensorcelled Hibernation  Hex/Ice        0%         N/A       100%        2
 Confusing Touch          Hex            0%         N/A       100%        3
 Spider Form              Tmut/Pois      0%         N/A       100%        3
 Anguish                  Hex/Necr       0%         N/A       100%        4
 Dispel Undead            Necr           0%         3d6       100%        4


Dungeon Overview and Level Annotations

Branches:
Dungeon (3/15)

Altars:
The Shining One

Shops:
D:2 *

Annotations:
D:3 Grinder


Innate Abilities, Weirdness & Mutations

You have a pair of horns on your head.
You reflexively headbutt those who attack you in melee.


Message History

You see here a ball python corpse.
Done exploring.
Done exploring.
Done exploring.
There is a stone staircase leading down here.
You climb downwards.
The ball python hisses angrily.
Found 10 gold pieces and a mace.
Found a stone staircase leading down.
There is a stone staircase leading up here.
You hit the ball python. You headbutt the ball python.
You kill the ball python!
The bat hits you but does no damage.
Found a stone staircase leading down.
You slash the bat!
You kill the bat!
You see here a bat corpse.
You now have 138 gold pieces (gained 10).
Grinder comes into view.
Found 2 scrolls labelled ZOACEA NO KUTS and a chain mail.
Grinder shouts!
Grinder blinks!
Okay, then.
Grinder gestures at you.
You barely resist. Grinder gestures at you.
You suddenly lose the ability to move!
Grinder blinks!
You can move again.
Grinder hits you.
You barely miss Grinder. Grinder hits you!
You writhe in agony.
You hit Grinder. Your headbutt misses Grinder.
Grinder is lightly wounded.
Grinder hits you!
You writhe in agony.
Grinder hits you.
* * * LOW HITPOINT WARNING * * *
You hit Grinder.
Grinder is lightly wounded.
Grinder hits you!
* * * LOW HITPOINT WARNING * * *
You writhe in agony.
You die...

#######........
....##...)..........
....................
....##..............
...................
..................
#......†........
#######...5...##.####.
#........@..<..# #
#...#...>....###...#
.......#####.## ...#
......# #... .....
?..... ##### .#....
§.... .#..... .....
####... .... [...


You could see Grinder.

Vanquished Creatures
  3 gnolls (D:2)
  3 dart slugs (D:2)
  4 ball pythons
  5 bats
  An endoplasm (D:1)
  2 giant cockroaches (D:1)
  8 hobgoblins (D:1)
  2 quokkas (D:2)
  5 frilled lizards (D:1)
  A goblin (D:2)
  4 kobolds
  4 rats
42 creatures vanquished.

Notes
Turn   | Place    | Note
-------+----------+-------------------------------------------
     0 | D:1      | plokij the Minotaur Fighter began the quest for the Orb.
     0 | D:1      | Reached XP level 1. HP: 19/19 MP: 0/0
   100 | D:1      | Reached XP level 2. HP: 25/27 MP: 1/1
   522 | D:2      | Found a faded altar of an unknown god.
   531 | D:2      | Reached skill level 1 in Dodging
   533 | D:2      | Prayed at the altar of an unknown god.
   533 | D:2      | Became a worshipper of the Shining One
   533 | D:2      | Reached * piety under the Shining One
   648 | D:2      | Reached XP level 3. HP: 33/33 MP: 2/2
   887 | D:2      | Reached XP level 4. HP: 40/40 MP: 3/3
   972 | D:2      | Found Fiwu's Assorted Antiques.
  1249 | D:3      | Noticed Grinder
  1257 | D:3      | Paralysed by Grinder for 4 turns
  1264 | D:3      | Slain by Grinder

Illustrated notes

Levels and vault maps discovered:
D:1:      amcnicky_arrival_double_pillar, layout_rooms, nrook_mini_vaults,
          minmay_pentomino_t4
D:2:      layout_loops_ring, hellmonk_ecumenical_altar_run_dry, serial_shops,
          nicolae_shop_overgrown_old_shop, due_unseen_surprise
D:3:      layout_rooms, uniq_crazy_yiuf_cottage, uniq_grinder, uniq_natasha,
          uniq_terence

Skill      XL: |  1  2  3 |
---------------+----------+-----
Long Blades    | 3 |  3.8
Dodging        | 1 |  1.4
Armour         | 4 |  4.1
Shields        | 4 |  4.0
Fighting       | 4 |  4.0

Action                   |  1- 3 |  4- 6 || total
-------------------------+-------+-------++-------
Melee: Long sword        |    87 |    10 ||    97
       Headbutt          |     9 |     3 ||    12
Armor: Scale mail        |    24 |       ||    24
       Chain mail        |    29 |     4 ||    33
Dodge: Dodged            |    40 |     3 ||    43
Block: Buckler           |    29 |     2 ||    31

Table legend: (Time is in decaauts)
 A = Elapsed time spent in this place.
 B = Non-inter-level travel time spent in this place.
 C = Inter-level travel time spent in this place.
 D = Time resting spent in this place.
 E = Time spent auto-exploring this place.
 F = Levels seen in this place.
 G = Mean time per level.
                   A        B        C        D        E       F      G
               +--------+--------+--------+--------+--------+-----+--------+
         Total |   1291 |   1007 |    284 |     73 |    608 |   3 |  430.3 |
       Dungeon |   1291 |   1007 |    284 |     73 |    608 |   3 |  430.3 |
               +--------+--------+--------+--------+--------+-----+--------+

Top non-repeatable levels by time:
     D:2: 721 daAuts
     D:1: 539 daAuts
     D:3: 30 daAuts
